 Dungeon Crawl Stone Soup version 0.29-a0-22-gbf593b16ee (webtiles) character file.

Game seed: 5482452647593521432

101 Ajdolov the Magician (level 5, -5/35 HPs)
             Began as a Djinni Conjurer on Jan 29, 2022.
             Slain by a black bear (11 damage)
             ... on level 7 of the Dungeon.
             The game lasted 00:04:16 (3010 turns).

Ajdolov the Magician (Djinni Conjurer)              Turns: 3010, Time: 00:04:17

Health: -5/35      AC:  4    Str:  6    XL:     5   Next: 4%
Gold:   110        EV: 12    Int: 22    God:
                   SH:  0    Dex: 11

rFire   + + .      SeeInvis .   e - +1 dagger (drain)
rCold   x . .      Faith    .   (no shield)
rNeg    . . .      Spirit   .   a - +0 robe
rPois   ∞          Reflect  .   (no helmet)
rElec   .          Harm     .   (no cloak)
rCorr   .          Rampage  .   k - +1 pair of gloves
Will    .....                   (boots unavailable)
Stlth   ++........              (no amulet)
HPRegen 0.11/turn               (no ring)
MPRegen 0.00/turn               (no ring)

@: flying
A: sickness immunity, fire resistance 2, cold vulnerability 1, float, innate
caster, HP casting, extra vitality 1
a: no special abilities


You were on level 7 of the Dungeon.
You visited 1 branch of the dungeon, and saw 5 of its levels.

You collected 110 gold pieces.

Inventory:

Hand Weapons
 e - a +1 dagger of draining (weapon)
Armour
 a - a +0 robe (worn)
 k - a +1 pair of gloves (worn)
Scrolls
 b - 2 scrolls of identify {unknown}
 c - a scroll of teleportation {unknown}
 d - a scroll of fear {unknown}
 f - a scroll of magic mapping {unknown}
 g - a scroll of amnesia {unknown}
 i - a scroll of blinking {unknown}
 j - a scroll of noise {unknown}
Potions
 h - a potion of degeneration {unknown}
 l - a potion of invisibility {unknown}


   Skills:
 - Level 2.1 Dodging
 - Level 1.5 Stealth
 * Level 4.7 Spellcasting


You couldn't memorise any spells.
You knew the following spells:

 Your Spells              Type           Power      Damage    Failure   Level
a - Magic Dart            Conj           100%       1d8       1%          1
b - Searing Ray           Conj           52%        2d6       2%          2
c - Dazzling Flash        Conj/Hex       52%        N/A       4%          3
d - Fulminant Prism       Conj/Hex       13%        3d9       14%         4
e - Iskenderun's Mystic   Conj/Tloc      26%        2d7       14%         4
f - Animate Skeleton      Necr           52%        N/A       1%          1
g - Wereblood             Tmut           26%        N/A       2%          2
Your spell library was empty.

Dungeon Overview and Level Annotations

Branches:
Dungeon (4/15)
 Temple: D:4-7

Altars:


Innate Abilities, Weirdness & Mutations

You are immune to sickness and miasma.
You are immune to poison.
Your flesh is very heat resistant. (rF++)
You are vulnerable to cold. (rC-)
You float through the air rather than walking.
You learn spells naturally, not from books.
Your magical power is your life essence.
You have superior vitality. (+4 MHP)


Message History

Confirm with . or Enter, or press ? or * to list all spells.
Aiming: Searing Ray (safe; 2% risk of failure)
Press: ? - help, Shift-Dir - straight line The searing ray hits the killer bee zombie.
The killer bee zombie is lightly damaged.
The searing ray hits the black bear!
The black bear is moderately wounded. (Press . to maintain the ray.)
The killer bee zombie hits you. x2
The searing ray misses the killer bee zombie.
The searing ray hits the black bear!
The black bear is heavily wounded.
The killer bee zombie barely misses you.
The searing ray hits the black bear.
The black bear is severely wounded.
The searing ray hits the killer bee zombie!
The killer bee zombie is heavily damaged.
The searing ray hits the black bear.
The black bear is almost dead.
The searing ray hits the killer bee zombie!
The killer bee zombie is almost destroyed.
You finish channelling your searing ray.
The black bear goes berserk!
The black bear bites you! The black bear barely misses you. x2
Unknown command.
The black bear barely misses you. The black bear claws you.
* * * LOW HITPOINT WARNING * * *
The black bear misses you.
Casting: Searing Ray (safe; 2% risk of failure)
Confirm with . or Enter, or press ? or * to list all spells.
Aiming: Searing Ray (safe; 2% risk of failure)
Press: ? - help, Shift-Dir - straight line The searing ray hits the black bear.
The black bear is almost dead.
The searing ray hits the killer bee zombie!
You destroy the killer bee zombie! (Press . to maintain the ray.)
* * * LOW HITPOINT WARNING * * *
The black bear bites you!
You die...

#..# ..
#..####..##
#..#Z......
#..........
#..#.##..## #
#.......... .#
#...##.$# ..
#.####..#####.#
#.####....h@..#
#......########
########


You could see a black bear (berserk).

Vanquished Creatures
  An orc wizard (D:3)
  A killer bee zombie (D:7)
  5 worms (D:2)
  2 dart slugs
  2 orcs (D:3)
  5 ball pythons
  4 endoplasms
  4 giant cockroaches
  5 goblins
  5 hobgoblins
  2 kobolds
  3 quokkas
  6 bats
  3 frilled lizards
  4 rats
52 creatures vanquished.

Notes
Turn   | Place    | Note
-------+----------+-------------------------------------------
     0 | D:1      | Ajdolov the Djinni Conjurer began the quest for the Orb.
     0 | D:1      | Reached XP level 1. HP: 15/15 MP: 0/0
   356 | D:1      | Reached XP level 2. HP: 19/21 MP: 0/0
   881 | D:2      | Reached XP level 3. HP: 20/25 MP: 0/0
   881 | D:2      | Learned a level 1 spell: Animate Skeleton
  1051 | D:2      | Found a faded altar of an unknown god.
  1122 | D:2      | Reached skill level 4 in Spellcasting
  1814 | D:2      | Reached XP level 4. HP: 28/31 MP: 0/0
  2651 | D:3      | Reached XP level 5. HP: 17/35 MP: 0/0
  2651 | D:3      | Learned a level 2 spell: Wereblood
  2989 | D:4      | You are sucked into a shaft and drop 3 floors!
  2989 | D:7      | Noticed a black bear
  3010 | D:7      | Slain by a black bear

Illustrated notes

Levels and vault maps discovered:
D:1:      matt_arrival_los_fun, layout_rooms, chequers_avenue,
          minmay_misc_feat_rows
D:2:      layout_loops_corners, hellmonk_ecumenical_altar_heavens_door
D:3:      layout_rooms
D:4:      layout_rooms, mainiacjoe_overflow_brackets
D:7:      layout_loops_cross, eino_small_chamber_without_monster

Skill      XL: |  1  2  3 |
---------------+----------+-----
Spellcasting   | 4 |  4.7
Dodging        | |  2.1
Stealth        | |  1.5

Action                   |  1- 3 |  4- 6 || total
-------------------------+-------+-------++-------
Melee: Unarmed           |     3 |       ||     3
       Dagger            |    12 |    25 ||    37
 Cast: Magic Dart        |    58 |    28 ||    86
       Searing Ray       |     3 |     5 ||     8
       Dazzling Flash    |       |     1 ||     1
Armor: Robe              |     2 |     5 ||     7
Dodge: Dodged            |     7 |    28 ||    35

Table legend: (Time is in decaauts)
 A = Elapsed time spent in this place.
 B = Non-inter-level travel time spent in this place.
 C = Inter-level travel time spent in this place.
 D = Time resting spent in this place.
 E = Time spent auto-exploring this place.
 F = Levels seen in this place.
 G = Mean time per level.
                   A        B        C        D        E       F      G
               +--------+--------+--------+--------+--------+-----+--------+
         Total |   3009 |   2935 |     74 |    360 |   2267 |   5 |  601.8 |
       Dungeon |   3009 |   2935 |     74 |    360 |   2267 |   5 |  601.8 |
               +--------+--------+--------+--------+--------+-----+--------+

Top non-repeatable levels by time:
     D:2: 1453 daAuts
     D:1: 799 daAuts
     D:3: 721 daAuts
     D:7: 20 daAuts
     D:4: 14 daAuts
